[Event "*** Titled Tuesday Blitz"]
[Site "Chess.com"]
[Date "2020.12.01"]
[Round "2"]
[White "BJthechessgod"]
[Black "ftorodent"]
[Result "0-1"]
[WhiteElo "2283"]
[BlackElo "2620"]
[TimeControl "180+1"]
[EndTime "10:17:37 PST"]
[Termination "ftorodent won by resignation"]

1. e4 c5 2. Nf3 e6 3. d4 cxd4 4. Nxd4 a6 5. Nc3 b5 6. Bd3 Qb6 7. Nb3 Nc6 8. O-O Nf6 9. Be3 Qc7 10. f4 d6 11. a4 b4 12. Ne2 Be7 13. Nbd4 Bb7 14. Nxc6 Bxc6 15. Ng3 h5 16. Qf3 h4 17. Nh1 d5 18. exd5 Bxd5 19. Qe2 Qb7 20. Bd4 h3 21. Ng3 hxg2 22. Rfe1 Bf3 23. Qe3 Rxh2 24. Bxf6 Rh1+ 25. Kf2 g1=Q+ 26. Rxg1 Rh2+ 27. Ke1 Bxf6 28. Ne4 Bh4+ 29. Kf1 Bxe4 30. Bxe4 Qa7 31. Qxa7 Rxa7 32. Rxg7 Bf6 33.
Rg8+ Ke7 34. Rd1 Bxb2 35. Rgd8 Bc3 36. Kg1 Rh4 37. Bc6 Rxf4 38. R1d7+ Rxd7 39. Rxd7+ Kf6 40. Ra7 a5 41. Rxa5 b3 42. Rc5 b2 43. Rb5 Rb4 44. Rxb4 Bxb4 0-1

[Event "*** Titled Tuesday Blitz"]
[Site "Chess.com"]
[Date "2020.12.01"]
[Round "2"]
[White "parmupill123"]
[Black "PaulfromSPb"]
[Result "0-1"]
[WhiteElo "2455"]
[BlackElo "2671"]
[TimeControl "180+1"]
[EndTime "10:17:38 PST"]
[Termination "PaulfromSPb won on time"]

1. e4 c5 2. Nc3 Nc6 3. g3 g6 4.
Bg2 Bg7 5. d3 d6 6. Be3 Nd4 7.
Qd2 Rb8 8. Nd1 h5 9. c3 Nc6 10. h3 e5 11. Ne2 Nge7 12. O-O O-O 13. Bh6 f5 14. Bxg7 Kxg7 15. d4 cxd4 16. cxd4 fxe4 17. d5 Na5 18. Ne3 b5 19. Kh2 Nc4 20. Nxc4 bxc4 21.
Bxe4 Qd7 22. Bg2 Qb5 23. b3 Ba6 24. Nc3 Qa5 25. Rfc1 Nf5 26. Qg5 Qd8 27. Ne4 Qxg5 28.
Nxg5 Nd4 29. bxc4 Rxf2 30. Rab1 Rbb2 31. Rxb2 Rxb2 32. Ne4 Nf5 33. c5 Ne3 34. Rg1 Bf1 35.
cxd6 Bxg2 36. Rxg2 Nxg2 37. d7 Ne3+ 38. Kg1 Rb8 39. Nc5 Kf7 40. d6 Rd8 41. Nb7 Rxd7 0-1

[Event "*** Titled Tuesday Blitz"]
[Site "Chess.com"]
[Date "2020.12.01"]
[Round "2"]
[White "PowerThinking2650"]
[Black "ecwinslow"]
[Result "1-0"]
[WhiteElo "2436"]
[BlackElo "2227"]
[TimeControl "180+1"]
[EndTime "10:17:38 PST"]
[Termination "PowerThinking2650 won by resignation"]

1. e4 c5 2. Nf3 d6 3. d4 cxd4 4. Nxd4 Nf6 5. Nc3 a6 6. Bc4 e6 7. O-O Qc7 8. Bb3 Nc6 9. Be3 Be7 10. f4 O-O 11. f5 Nxd4 12. Bxd4 b5 13. a3 e5 14. Be3 Bb7 15. Qf3 Rac8 16. Bg5 a5 17. Bxf6 Bxf6 18. Rf2 Qb6 19. Bd5 Rxc3 20. Qxc3 Bxd5 21.
exd5 e4 22. Qc6 Bd4 23. Qxb6 Bxb6 24. g4 Rc8 25. c3 Rc4 26. h3 h5 27. Kg2 Bxf2 28.
Kxf2 hxg4 29. hxg4 e3+ 30. Kf3 b4 31. axb4 axb4 32.
Ra8+ Kh7 33. Ra4 e2 34. Kxe2 Rxg4 35. Rxb4 Rg2+ 36. Kf3 Rd2 37. c4 Kh6 38. Rb7 Kg5 39. Ke3 Rh2 40. b4 Kxf5 41. Rxf7+ Ke5 42. Re7+ Kf5 43. Re6 Rh3+ 44. Kd4 Rh4+ 45. Kd3 g5 46. Rxd6 g4 47. Rd8 g3 48. Rf8+ Kg4 49. d6 g2 50.
Rg8+ Kf3 51. Rxg2 Kxg2 52. d7 Rh8 53. c5 Kf3 54. c6 1-0

[Event "*** Titled Tuesday Blitz"]
[Site "Chess.com"]
[Date "2020.12.01"]
[Round "2"]
[White "Arkady_Gitelson"]
[Black "Bigfish1995"]
[Result "0-1"]
[WhiteElo "2591"]
[BlackElo "3059"]
[TimeControl "180+1"]
[EndTime "10:17:39 PST"]
[Termination "Bigfish1995 won on time"]

1. e4 Nc6 2. Nc3 e5 3. Nf3 g6 4. d4 exd4 5. Nd5 Bg7 6. Bg5 f6 7. Bf4 d6 8. Nxd4 Nge7 9. Bc4 Ne5 10. Bb3 c6 11. Ne3 f5 12. exf5 d5 13. Bg5 Qd6 14.
fxg6 hxg6 15. Qd2 Bd7 16. O-O-O Nf7 17. Bxe7 Kxe7 18. Rde1 Kf8 19. Nf3 b5 20. c3 a5 21.
Bc2 b4 22. c4 d4 23. Rd1 c5 24. Kb1 Re8 25. Rhe1 Bh6 26. Qd3 Kg7 27. Nd5 a4 28. g3 Bf5 29. Qf1 Qd7 30. Nh4 Bxc2+ 31. Kxc2 Bg5 32. Ng2 Qf5+ 33. Qd3 Qxf2+ 34. Kb1 Qxg2 35.
Nc7 Rxe1 36. Rxe1 Rxh2 37. Ne6+ Kh6 0-1

[Event "*** Titled Tuesday Blitz"]
[Site "Chess.com"]
[Date "2020.12.01"]
[Round "2"]
[White "esapunov"]
[Black "FontVella8"]
[Result "1-0"]
[WhiteElo "2805"]
[BlackElo "2507"]
[TimeControl "180+1"]
[EndTime "10:17:39 PST"]
[Termination "esapunov won by resignation"]

1. c4 e5 2. Nf3 d6 3. Nc3 Nc6 4. d3 Be6 5. g3 Qd7 6. Ng5 Bf5 7. e4 Bg6 8. Bh3 Qd8 9. f4 exf4 10. gxf4 Be7 11.
O-O Bxg5 12. fxg5 Nge7 13. Bg4 Ne5 14. Bh3 c6 15. Be3 O-O 16. b3 d5 17. Bf4 Nd7 18. exd5 cxd5 19. Bg2 d4 20. Na4 Nc6 21. Qf3 Nde5 22.
Qg3 Nxd3 23. Bc7 Qd7 24. Rad1 Ndb4 25. Nc5 Qe7 26. Bd6 Qe3+ 27. Qxe3 dxe3 28. Bxf8 e2 29. Bd6 exf1=Q+ 30. Rxf1 b6 31. Na6 Rd8 32. Nxb4 Rxd6 33.
Nxc6 Rd2 34. Ne5 Rxa2 35. Nxg6 hxg6 36. Bd5 Rb2 37. Rxf7 Kh7 38. Rxa7 Rb1+ 39. Kg2 Rxb3 40. Rb7 Rb2+ 41. Kg3 Rb3+ 42. Kg4 Rb4 43. h4 Rb1 44. Kf4 Rf1+ 45. Ke5 Re1+ 46. Kd6 Rb1 47. Kc6 Rh1 1-0

[Event "*** Titled Tuesday Blitz"]
[Site "Chess.com"]
[Date "2020.12.01"]
[Round "2"]
[White "Pertinhez76"]
[Black "Kaslask"]
[Result "1-0"]
[WhiteElo "2032"]
[BlackElo "2337"]
[TimeControl "180+1"]
[EndTime "10:17:39 PST"]
[Termination "Pertinhez76 won on time"]

1. d4 Nf6 2. Nf3 g6 3. Nc3 d5 4. Bf4 Bg7 5. Qd2 c5 6. dxc5 Nc6 7. O-O-O O-O 8. Bh6 d4 9. Bxg7 Kxg7 10. Nb5 e5 11. e3 Bg4 12. Be2 Rc8 13. exd4 e4 14. Ne5 Be6 15. Nd6 Rc7 16. h4 Nd5 17. h5 g5 18. h6+ Kh8 19. Rh5 f6 20. Nxc6 Rxc6 21.
Nxe4 Nf4 22. Rhh1 Bd5 23. f3 Re6 24. Bd3 f5 25. Nd6 Bxa2 26. b3 Rxd6 27. cxd6 Qxd6 28.
Kb2 Qxd4+ 29. Qc3 Qxc3+ 30. Kxc3 Rd8 31. Ra1 Nd5+ 32. Kb2 Nb4 33. Bxf5 Rd2 34. Rhd1 Rxd1 35. Rxd1 Kg8 36. Rd7 Kf8 37. Rxh7 Nd5 38. Rxb7 1-0

[Event "*** Titled Tuesday Blitz"]
[Site "Chess.com"]
[Date "2020.12.01"]
[Round "2"]
[White "TheCairnTerrier"]
[Black "SlovenskiZmaj"]
[Result "0-1"]
[WhiteElo "2167"]
[BlackElo "2460"]
[TimeControl "180+1"]
[EndTime "10:17:40 PST"]
[Termination "SlovenskiZmaj won on time"]

1. e4 d6 2. d4 Nf6 3. Nc3 e5 4. dxe5 dxe5 5. Qxd8+ Kxd8 6. Bc4 Ke8 7. Bg5 Nbd7 8. O-O-O a6 9. Nf3 Bd6 10. Bb3 h6 11. Bh4 g5 12. Bg3 Kf8 13. Nd5 Nxe4 14. Rhe1 Nxg3 15. hxg3 f6 16. Nd2 f5 17. Nf3 e4 18.
Nd4 Nc5 19. Ne2 Nxb3+ 20. axb3 Be6 21. Nb6 Rd8 22. Nc4 Bxc4 23. bxc4 Kf7 24. Nd4 Kf6 25. Nb3 b6 26. Rd5 c6 27. Rd2 Be5 28. Red1 Rxd2 29. Rxd2 Ke6 30. Nd4+ Bxd4 31. Rxd4 h5 32. c5 b5 33. Rd2 h4 34. Rd6+ Ke5 35. Rxc6 hxg3 36. fxg3 Rh1+ 37. Kd2 Rg1 38. Kc3 Rxg2 39. Rxa6 Kd5 40.
c6 Kd6 41. Kb4 Rxc2 42. b3 Rxc6 43. Ra7 e3 0-1

[Event "*** Titled Tuesday Blitz"]
[Site "Chess.com"]
[Date "2020.12.01"]
[Round "2"]
[White "LPSupi"]
[Black "valeriocarnicelli"]
[Result "0-1"]
[WhiteElo "2898"]
[BlackElo "2574"]
[TimeControl "180+1"]
[EndTime "10:17:41 PST"]
[Termination "valeriocarnicelli won on time"]

1. e4 c5 2. Nf3 Nc6 3. Bb5 g6 4. Bxc6 dxc6 5. d3 Bg7 6. O-O e5 7. a3 Qe7 8. b4 cxb4 9. axb4 Nf6 10. Bb2 Nd7 11. d4 O-O 12. d5 cxd5 13. exd5 e4 14. Bxg7 Kxg7 15. Re1 Qxb4 16. c3 Qb2 17. Qd4+ Kg8 18. Nbd2 exf3 19. Ne4 Qb6 20. Qd2 Nf6 21. Ng5 Qd6 22. c4 b6 23. Nxf3 Bd7 24. Ne5 Rfe8 25. f4 Qc5+ 26. Kh1 Bf5 27. h3 Ne4 28. Qb2 Nf2+ 29.
Kh2 Rxe5 30. fxe5 Nd3 31. Qc3 Nxe1 32. Rxe1 Re8 33. g4 Qf2+ 34. Kh1 Bd3 0-1

[Event "*** Titled Tuesday Blitz"]
[Site "Chess.com"]
[Date "2020.12.01"]
[Round "2"]
[White "bratkoo"]
[Black "kirillshevchenko"]
[Result "1/2-1/2"]
[WhiteElo "2556"]
[BlackElo "2871"]
[TimeControl "180+1"]
[EndTime "10:17:41 PST"]
[Termination "Game drawn - insufficient material"]

1. e4 e5 2. Nf3 d6 3. d4 exd4 4. Nxd4 Nf6 5. Nc3 g6 6. Bc4 Bg7 7. O-O O-O 8. h3 Re8 9. Re1 Nc6 10. Nxc6 bxc6 11. Bg5 h6 12. Bf4 Nd7 13. Qd2 g5 14. Bg3 Ne5 15. Bb3 Ng6 16. Rad1 h5 17. e5 Nxe5 18.
f4 gxf4 19. Qxf4 Qf6 20. Qxf6 Bxf6 21. Rf1 Nd7 22. Bh4 Kg7 23. Rxf6 Nxf6 24. Rf1 Nd5 25. Nxd5 cxd5 26. Bxd5 Be6 27. Bxa8 Rxa8 28. Rf3 Bxa2 29. Rg3+ Kh7 30. b3 Rg8 31. Rc3 c5 32. Be7 Rg6 33. Rd3 c4 34. bxc4 Bxc4 35. Rxd6 a5 36. Kf2 Re6 37.
Rxe6 fxe6 38. Ke3 Kg6 39. g4 hxg4 40. hxg4 Kf7 41. Ba3 Kf6 42. Kd4 Bf1 43. Bc1 e5+ 44.
Ke3 a4 45. Bb2 Bc4 46. Ke4 Kg5 47. Kxe5 Kxg4 48. Kd4 Bb3 49. cxb3 axb3 50. Kc3 Kf3 51. Kxb3 1/2-1/2

[Event "*** Titled Tuesday Blitz"]
[Site "Chess.com"]
[Date "2020.12.01"]
[Round "2"]
[White "Saylormoon"]
[Black "reniite"]
[Result "1-0"]
[WhiteElo "2349"]
[BlackElo "1969"]
[TimeControl "180+1"]
[EndTime "10:17:41 PST"]
[Termination "Saylormoon won by resignation"]

1. e4 e5 2. Nf3 Nc6 3. Bc4 Nf6 4. d3 Bc5 5. c3 a6 6. a4 d6 7. O-O O-O 8. b4 Ba7 9. h3 Bd7 10. Nbd2 Ne7 11. Re1 Ng6 12. Nf1 b5 13. Bb3 h6 14. Ng3 Kh7 15. axb5 axb5 16. Be3 Bxe3 17. fxe3 Rxa1 18. Qxa1 Qa8 19. Qxa8 Rxa8 20. Bxf7 Nh8 21. Bb3 Ra3 22. Nd2 g5 23. Rf1 Kg6 24. Nf5 c5 25. Nxd6 cxb4 26. cxb4 Kg7 27. Nf5+ Kg6 28. Ne7+ Kg7 29.
Nd5 Nxd5 30. exd5 Ng6 31. d6 Nh4 32. Rf7+ Kg6 33. Rxd7 Nf5 34. Bf7+ Kf6 35. Ne4+ Kg7 36. Be6+ Kg6 37. Bxf5+ Kxf5 38. g4+ Ke6 39. Re7+ Kd5 40.
d7 Ra1+ 41. Kg2 Ra2+ 42. Nf2 Ra8 43. Re8 1-0

[Event "*** Titled Tuesday Blitz"]
[Site "Chess.com"]
[Date "2020.12.01"]
[Round "2"]
[White "Kaua18"]
[Black "Nikolaj_6"]
[Result "0-1"]
[WhiteElo "2322"]
[BlackElo "2626"]
[TimeControl "180+1"]
[EndTime "10:17:42 PST"]
[Termination "Nikolaj_6 won by resignation"]

1. e4 c5 2. Nf3 d6 3. d4 cxd4 4. Nxd4 Nf6 5. Nc3 a6 6. Bd3 Nc6 7. Nxc6 bxc6 8. e5 dxe5 9. O-O e6 10. Qe2 Qc7 11. Re1 Bd6 12. Bg5 Nd5 13. Ne4 Be7 14. Bd2 O-O 15. Ng5 Bxg5 16. Bxg5 f6 17. Bd2 Kh8 18.
Qh5 f5 19. c4 Nf6 20. Qe2 e4 21. Bc2 e5 22. c5 Be6 23. f3 Bd5 24. Bg5 exf3 25. Qxe5 Qxe5 26. Rxe5 Be4 27. Bxe4 Nxe4 28. Be7 f2+ 29. Kf1 Rfe8 30. Rd1 Rab8 31. b3 Kg8 32. g4 Rb7 33. Rc1 Rbxe7 34. Rxf5 g6 35. Rf4 Re5 36. b4 g5 37. Rf5 Rxf5 38. gxf5 Kf7 39.
Rd1 Kf6 40. Rd7 Re7 41. Rd8 Kxf5 42. Ra8 Rd7 43. Rf8+ Kg6 44. a4 Rd1+ 45. Kg2 Rg1+ 46. Kh3 0-1

[Event "*** Titled Tuesday Blitz"]
[Site "Chess.com"]
[Date "2020.12.01"]
[Round "2"]
[White "anon569"]
[Black "pastouche06"]
[Result "0-1"]
[WhiteElo "2286"]
[BlackElo "2515"]
[TimeControl "180+1"]
[EndTime "10:17:42 PST"]
[Termination "pastouche06 won on time"]

1. e4 c6 2. d4 d5 3. Nd2 dxe4 4. Nxe4 Nf6 5. Nxf6+ exf6 6. Be3 Bd6 7. Qd2 O-O 8. Bd3 Re8 9. Ne2 Nd7 10. O-O-O Nf8 11. c4 Be6 12. Nc3 Bb4 13. Qc2 Bg4 14. Rdg1 b5 15.
h3 Bh5 16. g4 Bg6 17. Rd1 bxc4 18. Bxg6 Nxg6 19. Ne2 Qd5 20. Kb1 Rab8 21. Ka1 Bd6 22. Rc1 Rb4 23. a3 Rbb8 24. Qxc4 Qf3 25. Nc3 Rb6 26.
Rhe1 Reb8 27. d5 Rxb2 28. dxc6 Ne5 29. Qd5 Qxd5 30. Nxd5 Nd3 31. c7 Rc8 0-1

[Event "*** Titled Tuesday Blitz"]
[Site "Chess.com"]
[Date "2020.12.01"]
[Round "2"]
[White "hansen"]
[Black "MatyChess1"]
[Result "1-0"]
[WhiteElo "2923"]
[BlackElo "2562"]
[TimeControl "180+1"]
[EndTime "10:17:43 PST"]
[Termination "hansen won by resignation"]

1. e4 c5 2. Nf3 g6 3. Bc4 Bg7 4. O-O e6 5. Re1 Ne7 6. d4 cxd4 7. Nxd4 O-O 8. Nc3 d5 9. exd5 exd5 10. Bb3 Nbc6 11.
Be3 Ne5 12. h3 Nc4 13. Bg5 f6 14. Bc1 Kh8 15. Qe2 Nc6 16. Nxc6 bxc6 17. Bxc4 dxc4 18. Qxc4 Qb6 19. Be3 Qxb2 20. Bc5 Rg8 21. Ne4 Qb5 22. Qd4 h6 23. Nd6 Qa6 24. Re7 Bf5 25. Qh4 Kh7 26. Nf7 g5 27. Qg3 Bg6 28. Rae1 Qc4 29. Qc7 Rac8 30. Qxa7 Ra8 31. Nd6 Rxa7 32.
Nxc4 Rxe7 33. Rxe7 Re8 34. Rxe8 Bxe8 35. Nb6 f5 36. a4 Kg6 37. a5 Bd4 38. Bxd4 Kf7 39. a6 Ke6 40. Bc5 1-0

[Event "*** Titled Tuesday Blitz"]
[Site "Chess.com"]
[Date "2020.12.01"]
[Round "2"]
[White "zurzan"]
[Black "Kislov_Oleg"]
[Result "0-1"]
[WhiteElo "2070"]
[BlackElo "2370"]
[TimeControl "180+1"]
[EndTime "10:17:44 PST"]
[Termination "Kislov_Oleg won by checkmate"]

1. f4 e5 2. fxe5 d6 3. exd6 Bxd6 4. Nf3 g5 5. g3 g4 6. Nh4 Ne7 7. d4 Ng6 8. Ng2 h5 9. Qd3 h4 10. Bf4 hxg3 11. Bxd6 Qxd6 12. Nc3 Rxh2 13. Rg1 Nc6 14. Ne4 Qxd4 15. Qxd4 Nxd4 16. O-O-O Nf5 17. e3 Be6 18. Nc5 Ne5 19. Nxb7 Nf3 20. Bb5+ Ke7 21. e4 Nxg1 22. exf5 Rxg2 23. fxe6 fxe6 24. Nc5 Nf3 25. Ne4 Rg1 26.
Rxg1 Nxg1 27. Nxg3 Rf8 28. Ne4 Nf3 29. c4 Rh8 30. Ng3 Rh3 31. Nf1 Rh1 32. c5 Nh2 33. Kd1 Nxf1 34. Ke2 Ng3+ 35. Kf2 Nf5 36. Kg2 Rb1 37.
b3 Rb2+ 38. Kf1 Kf6 39. Be2 Ng3+ 40. Kg2 Nxe2 41. Kf1 Nf4 42. Kg1 g3 43. a4 Rb1# 0-1

[Event "*** Titled Tuesday Blitz"]
[Site "Chess.com"]
[Date "2020.12.01"]
[Round "2"]
[White "Ajedrez_con_German"]
[Black "moro182"]
[Result "0-1"]
[WhiteElo "2477"]
[BlackElo "2717"]
[TimeControl "180+1"]
[EndTime "10:17:45 PST"]
[Termination "moro182 won on time"]

1. Nf3 g6 2. d4 Bg7 3. Bf4 b6 4. e3 Bb7 5. Be2 d6 6. O-O Nd7 7. h3 e5 8. Bh2 e4 9. Nfd2 f5 10. c4 Ngf6 11. Nc3 O-O 12. b4 a5 13. a3 Qe7 14. c5 bxc5 15. bxc5 dxc5 16. Qb3+ Kh8 17.
Qxb7 cxd4 18. exd4 e3 19. Nc4 exf2+ 20. Rxf2 Ne4 21.
Nxe4 Bxd4 22. Rd1 Qxe4 23. Qxe4 Bxf2+ 24. Kxf2 fxe4+ 25. Ke3 Nf6 26. Be5 Kg7 27. g4 g5 28.
Rd7+ Rf7 29. Rxf7+ Kxf7 30. Bxf6 Kxf6 31. Kxe4 a4 32.
Kd4 Rb8 33. Bd3 h6 34. Bc2 Ra8 35. Nb2 Rd8+ 36. Kc3 Ke5 37. Nxa4 Ra8 38. Kb4 Rb8+ 39. Kc3 Ra8 40. Kb4 Kd4 41. Kb3 c5 42. Kb2 c4 43.
Kc1 c3 44. Bb3 Rf8 0-1

[Event "*** Titled Tuesday Blitz"]
[Site "Chess.com"]
[Date "2020.12.01"]
[Round "2"]
[White "scarabee43"]
[Black "Agoking701"]
[Result "1-0"]
[WhiteElo "2561"]
[BlackElo "2225"]
[TimeControl "180+1"]
[EndTime "10:17:45 PST"]
[Termination "scarabee43 won by resignation"]

1. Nf3 Nf6 2. c4 e6 3. Nc3 b6 4.
e4 d6 5. d4 c5 6. d5 e5 7. Be2 Be7 8. O-O O-O 9. a3 h6 10. b4 Nh7 11. Re1 Bg4 12. bxc5 bxc5 13. Rb1 Nd7 14. Bd2 Bxf3 15. Bxf3 Bg5 16. g3 Rb8 17.
Qc2 Bxd2 18. Qxd2 Qa5 19. Bg2 Nhf6 20. Qc2 Rb6 21. Rxb6 Nxb6 22. Nb5 Qxe1+ 23. Bf1 Qxe4 24. Qc1 Rd8 25. Nxa7 Qf3 26. Nc6 Ra8 27. Qb2 Ne4 28. h4 Nxc4 29. Bxc4 Rxa3 30. Bf1 Rb3 31. Qc2 Rc3 32. Qb2 Rb3 33. Qc2 Rc3 34. Qb2 Kh7 35.
Bg2 Qd1+ 36. Kh2 Rc2 37. Bxe4+ g6 38. Qxc2 Qf1 39. Bd3 Qe1 40. h5 Kg7 41. hxg6 fxg6 42. Bxg6 c4 43. Qf5 1-0

[Event "*** Titled Tuesday Blitz"]
[Site "Chess.com"]
[Date "2020.12.01"]
[Round "2"]
[White "Shockerlover"]
[Black "Sergienko_Sergey"]
[Result "0-1"]
[WhiteElo "1872"]
[BlackElo "2338"]
[TimeControl "180+1"]
[EndTime "10:17:45 PST"]
[Termination "Sergienko_Sergey won by checkmate"]

1. d4 Nf6 2. Nf3 e6 3. c4 Nc6 4.
d5 Bb4+ 5. Bd2 exd5 6. cxd5 Nxd5 7. Bxb4 Ndxb4 8. a3 Na6 9. e3 O-O 10. Nc3 Nc5 11. b4 Ne6 12. Bd3 d6 13. O-O Ne5 14. Bc2 Qf6 15. Ne4 Nxf3+ 16. gxf3 Qh6 17. f4 Bd7 18.
Qd3 Bc6 19. Ng3 g6 20. f3 Rae8 21. Rf2 Ng7 22. f5 Qxe3 23. f6 Qxd3 24. Bxd3 Ne6 25.
Rd1 Nf4 26. Bc4 Nh3+ 27. Kg2 Nxf2 28. Kxf2 d5 29. Be2 Rd8 30. Rd4 Bd7 31. Nf1 c6 32. Ne3 Rfe8 33. Rh4 Bc8 34. Rd4 Re5 35. h4 Rde8 36.
Rd3 d4 37. f4 Rxe3 38. Rxd4 Rxe2+ 39. Kf3 Bf5 40. Kg3 R8e3# 0-1

[Event "*** Titled Tuesday Blitz"]
[Site "Chess.com"]
[Date "2020.12.01"]
[Round "2"]
[White "Dedic8"]
[Black "Euwe1234"]
[Result "0-1"]
[WhiteElo "2810"]
[BlackElo "2543"]
[TimeControl "180+1"]
[EndTime "10:17:46 PST"]
[Termination "Euwe1234 won by resignation"]

1. e4 c6 2. d4 d5 3. Nc3 dxe4 4.
Nxe4 Bf5 5. Ng3 Bg6 6. h4 h6 7.
Nf3 Nd7 8. h5 Bh7 9. Bd3 Bxd3 10. Qxd3 Ngf6 11. Bd2 e6 12. O-O-O Be7 13. Ne4 Nxe4 14.
Qxe4 Nf6 15. Qe2 Qd5 16. c4 Qe4 17. Qxe4 Nxe4 18. Be3 f5 19. Kc2 f4 20. Kd3 fxe3 21. Kxe4 exf2 22. Rhf1 Rf8 23. Rxf2 Bd6 24. Rff1 Ke7 25.
Ne5 Bxe5 26. Kxe5 Rf6 27. d5 cxd5 28. cxd5 Raf8 29. Rxf6 Rxf6 30. dxe6 Rxe6+ 31. Kf5 Re2 32. Rc1 Rxb2 33. Rc7+ Kf8 34. g4 Rb6 35. a4 Kg8 36. Ke5 Rb4 37. Kf5 a6 38. a5 Rb5+ 39. Kf4 Rxa5 40.
Rxb7 Rb5 41. Ra7 a5 42. Kg3 Kf8 43. Kh4 Rg5 44. Kh3 Ke8 45. Kg3 Kd8 46. Kf4 Kc8 47. Kf3 Kb8 48. Rf7 a4 49. Rf4 Ra5 50. Rb4+ Kc7 51.
Rb2 a3 52. Ra2 Kc6 53. Kf4 Kb5 54. g5 Kb4 55. Kg4 Rxg5+ 0-1

[Event "*** Titled Tuesday Blitz"]
[Site "Chess.com"]
[Date "2020.12.01"]
[Round "2"]
[White "machinegun1"]
[Black "superchess02"]
[Result "1-0"]
[WhiteElo "2518"]
[BlackElo "2770"]
[TimeControl "180+1"]
[EndTime "10:17:46 PST"]
[Termination "machinegun1 won by resignation"]

1. e4 c5 2. Nf3 d6 3. d4 cxd4 4.
Nxd4 Nf6 5. Nc3 a6 6. Bc4 e6 7.
g4 b5 8. g5 bxc4 9. gxf6 Qxf6 10. Be3 Nd7 11. Qe2 Nb6 12. Nxe6 Bxe6 13. Bxb6 Rb8 14.
Qe3 Be7 15. Rg1 Qh6 16. Qxh6 gxh6 17. Bd4 Rf8 18. O-O-O f5 19. Bg7 Rg8 20. Bxh6 Rxg1 21. Rxg1 fxe4 22. Nxe4 d5 23. Bf4 Rd8 24. Ng5 Bf5 25.
Re1 Kd7 26. Nf3 Bc5 27. Be3 Bd6 28. Rg1 Bg6 29. h4 Rf8 30. Nd4 Be5 31. c3 Kd6 32. Kd2 Rb8 33. b4 a5 34. a3 axb4 35. cxb4 Ra8 36.
Ra1 Rc8 37. Kc3 Rf8 38. a4 Rf3 39. a5 Kc7 40. a6 Kb8 41. Ra5 Be4 42. Rc5 Ka7 43.
b5 Bxd4+ 44. Kxd4 Kb6 45. Rc8 Rf7 46. Ke5+ Kxb5 47. a7 d4 48. Kxe4 Rxa7 49. Bxd4 Re7+ 50. Kf5 Rf7+ 51. Bf6 Rd7 52. f4 Rd2 53. Ke6 Re2+ 54. Be5 Kb4 55. f5 Rh2 56. f6 Rxh4 57. f7 Rh6+ 58.
Ke7 1-0

[Event "*** Titled Tuesday Blitz"]
[Site "Chess.com"]
[Date "2020.12.01"]
[Round "2"]
[White "scoopbh"]
[Black "javirec"]
[Result "0-1"]
[WhiteElo "2069"]
[BlackElo "2372"]
[TimeControl "180+1"]
[EndTime "10:17:46 PST"]
[Termination "javirec won by resignation"]

1. e4 c5 2. Nf3 e6 3. d4 cxd4 4.
Nxd4 Nf6 5. Nc3 Nc6 6. Be3 Bb4 7. Bd3 d5 8. exd5 Nxd5 9. Nxc6 bxc6 10. Bd2 O-O 11.
O-O Be7 12. Kh1 f5 13. f4 Bf6 14. Qe2 Qd6 15. Rae1 Bd7 16. a3 Rae8 17. Nxd5 exd5 18.
Qf2 c5 19. b3 g6 20. Re2 Rxe2 21. Qxe2 Re8 22. Qf3 Bc6 23. Re1 Rxe1+ 24. Bxe1 d4 25. Qe2 Kg7 26. Bd2 Qd5 27. Bc4 Qe4 28. Bd3 Qxe2 29. Bxe2 Be4 30. Bd1 Kf7 31. Kg1 Ke6 32.
Kf2 Kd5 33. g3 c4 34. bxc4+ Kxc4 35. Bb4 d3 36. cxd3+ Bxd3 37. Be2 Bd4+ 38. Ke1 Bg1 39. h3 Be3 40. Bd6 a5 41. Bxd3+ Kxd3 42. Kf1 a4 43.
Kg2 Bc1 44. Kf3 Kc3 45. g4 Kb3 46. gxf5 gxf5 47. h4 Bxa3 48. Be5 Bb2 49. Bd6 a3 50.
Bxa3 Kxa3 51. Ke3 Kb4 0-1

[Event "*** Titled Tuesday Blitz"]
[Site "Chess.com"]
[Date "2020.12.01"]
[Round "2"]
[White "malakismayil"]
[Black "djano"]
[Result "0-1"]
[WhiteElo "2265"]
[BlackElo "2459"]
[TimeControl "180+1"]
[EndTime "10:17:47 PST"]
[Termination "djano won on time"]

1. e4 c5 2. Nf3 e6 3. d4 cxd4 4. Nxd4 a6 5. Bd3 Bc5 6. Nb3 Be7 7. O-O d6 8. Be3 Nf6 9. f4 Nc6 10. c3 b5 11. N1d2 Bb7 12. Qe2 O-O 13. Nf3 Rc8 14. f5 e5 15. Rfd1 Qc7 16. Bg5 Rfe8 17. Bxf6 Bxf6 18.
Kh1 Qb6 19. Bc2 Rcd8 20. Rd2 a5 21. Rad1 a4 22. Nc1 Na5 23. Bd3 Bc6 24. g4 h6 25.
h4 d5 26. g5 dxe4 27. Bxe4 Rxd2 28. Rxd2 hxg5 29. hxg5 Bxe4 30. Qxe4 Bxg5 31. Nxg5 Qh6+ 32. Rh2 Qxg5 33. Nd3 Nc4 34. Rg2 Qh6+ 35. Rh2 Qe3 36.
Qxe3 Nxe3 37. Re2 Nxf5 38. Kg2 f6 39. Nc5 Nd6 40. Rd2 Nc4 41. Rd7 Nxb2 42. Rb7 Nd1 43. Rxb5 Nxc3 44. Rb7 a3 45. Nd3 Nxa2 46. Ra7 Nc3 47.
Rxa3 Nd5 48. Ra5 Ne3+ 49. Kf3 Nf5 50. Ke4 Nd4 51. Ra7 g6 0-1

[Event "*** Titled Tuesday Blitz"]
[Site "Chess.com"]
[Date "2020.12.01"]
[Round "2"]
[White "Luklei18"]
[Black "Chamal_Gedgafov"]
[Result "1-0"]
[WhiteElo "2410"]
[BlackElo "2163"]
[TimeControl "180+1"]
[EndTime "10:17:47 PST"]
[Termination "Luklei18 won on time"]

1. c4 Nf6 2. Nc3 c5 3. Nf3 Nc6 4. d4 cxd4 5. Nxd4 g6 6. e4 Bg7 7. Be3 d6 8. Be2 O-O 9. O-O Bd7 10. Qd2 Re8 11. f3 a6 12. a3 Rc8 13. b4 Ne5 14.
Qa2 b5 15. Ncxb5 axb5 16. cxb5 Qc7 17. Rfc1 Qb7 18. a4 Rxc1+ 19. Rxc1 Rc8 20. Rxc8+ Qxc8 21. Qc2 Qb7 22. a5 g5 23. b6 Ng6 24. Nb5 d5 25.
Qc7 Bc6 26. Qxb7 Bxb7 27. Nc7 dxe4 28. a6 Bxa6 29. Nxa6 exf3 30. Bxf3 g4 31. b7 gxf3 32. b8=Q+ Nf8 33. gxf3 Nd5 34. Bc5 e6 35. Nc7 Nxc7 36. Qxc7 h5 37. Bxf8 Bxf8 38. b5 1-0

[Event "*** Titled Tuesday Blitz"]
[Site "Chess.com"]
[Date "2020.12.01"]
[Round "2"]
[White "anon481216"]
[Black "CoachHakia"]
[Result "1-0"]
[WhiteElo "2402"]
[BlackElo "2154"]
[TimeControl "180+1"]
[EndTime "10:17:47 PST"]
[Termination "anon481216 won on time"]

1. d4 f5 2. e4 fxe4 3. Nc3 Nf6 4. Bg5 g6 5. f3 e3 6. Bxe3 Bg7 7. Qd2 O-O 8. Bd3 d5 9. h4 Bf5 10. Bxf5 gxf5 11. Nh3 c5 12. Nf4 Qd7 13. dxc5 e6 14. O-O-O Nc6 15. Nb5 Ne5 16. Nd6 b6 17. Rhe1 Ng6 18.
Nxg6 hxg6 19. Kb1 bxc5 20. Bxc5 Rab8 21. Ba3 Ne8 22. Nxe8 Rfxe8 23. c3 Rec8 24. Ka1 Rc4 25. Qg5 Qf7 26. Rd3 Bf6 27. Qe3 Bxh4 28. Rh1 Bf6 29. Bc5 Rc8 30. Bd4 Bxd4 31. Rxd4 Kg7 32. Qe5+ Kf8 33. Rh8+ Ke7 34. Rxc4 dxc4 35. Rxc8 Qf6 36.
Rc7+ 1-0

[Event "*** Titled Tuesday Blitz"]
[Site "Chess.com"]
[Date "2020.12.01"]
[Round "2"]
[White "FelixBlohberger"]
[Black "Trickov"]
[Result "1-0"]
[WhiteElo "2635"]
[BlackElo "2348"]
[TimeControl "180+1"]
[EndTime "10:17:48 PST"]
[Termination "FelixBlohberger won on time"]

1. d4 d5 2. c4 c6 3. e3 Nf6 4.
Nf3 Bf5 5. Qb3 Qb6 6. Nbd2 e6 7.
Be2 Nbd7 8. O-O h6 9. Qd1 Be7 10. b3 O-O 11. Bb2 a5 12. a3 Rfe8 13.
Qc1 Bf8 14. Bc3 Ne4 15. Nxe4 Bxe4 16. Qb2 a4 17. Nd2 Bg6 18. b4 Qc7 19. Rfc1 e5 20.
dxe5 Nxe5 21. cxd5 cxd5 22. Bd4 Qb8 23. Bxe5 Qxe5 24.
Qxe5 Rxe5 25. Nf3 Ree8 26. Rc7 Rec8 27. Rac1 Rxc7 28. Rxc7 b6 29. Nd4 Bd6 30. Rc6 Be5 31. f3 Rb8 32. g3 f6 33. Kf2 Be8 34. Rc1 Bd7 35. f4 Bd6 36. Bf3 Rc8 37. Bxd5+ Kf8 38. Rxc8+ Bxc8 39. Bc6 1-0

[Event "*** Titled Tuesday Blitz"]
[Site "Chess.com"]
[Date "2020.12.01"]
[Round "2"]
[White "Blackmind96"]
[Black "AldokhinIvan"]
[Result "1-0"]
[WhiteElo "2771"]
[BlackElo "2491"]
[TimeControl "180+1"]
[EndTime "10:17:51 PST"]
[Termination "Blackmind96 won by checkmate"]

1. d4 Nf6 2. c4 g6 3. f3 Bg7 4. e4 d6 5. Nc3 O-O 6. Be3 Nc6 7.
Qd2 Re8 8. Nge2 a6 9. d5 Ne5 10. Nd4 c5 11. dxc6 bxc6 12. Be2 c5 13. Nc2 Be6 14. b3 Bd7 15. O-O a5 16. a4 h5 17.
h3 Qc8 18. Kh2 Qb8 19. Kg1 Qc8 20. f4 Nc6 21. Bf3 Nb4 22. Rae1 Bc6 23. e5 dxe5 24. fxe5 Nd7 25. e6 fxe6 26. Nxb4 cxb4 27. Ne4 Ne5 28. Bf4 Rf8 29. Bxe5 Bxe5 30. Qg5 Bd4+ 31. Kh1 Kh7 32. Qxe7+ Kh6 33. Ng5 Bf6 34. Qh7+ Kxg5 35. g3 Bxf3+ 36. Rxf3 Qc6 37. Kg2 Be5 38. h4+ Kg4 39.
Qxg6# 1-0